 Dungeon Crawl Stone Soup version 0.29.1-12-g30fa7ad0bf (webtiles) character file.

Game seed: 10595804656823851194

7192 bubby the Sneak (level 10, 0/57 (63) HPs)
             Began as a Demonspawn Fire Elementalist on Jan 11, 2023.
             Was a Priest of Vehumet.
             Shot with an arrow by a centaur warrior (18 damage)
             ... on level 10 of the Dungeon.
             The game lasted 01:14:44 (11462 turns).

bubby the Sneak (Demonspawn Fire Elementalist)     Turns: 11462, Time: 01:14:44

HP:   0/57 (63)     AC:  8    Str: 10    XL:     10   Next: 87%
MP:   20/20         EV: 15    Int: 25    God:    Vehumet [***...]
Gold: 385           SH:  0    Dex: 15    Spells: 16/23 levels left

rFire   . . .      SeeInvis +   x - +5 whip of a Labyrinth {vamp, *Slow Str+2 Int+5}
rCold   + . .      Faith    .   (no shield)
rNeg    . . .      Spirit   .   a - +0 robe
rPois   .          Reflect  .   (helmet unavailable)
rElec   .          Harm     .   I - scarf {+Inv}
rCorr   .          Rampage  .   o - +2 pair of gloves {Stlth+}
Will    .....                   H - +0 pair of boots
Stlth   +++++.....              n - amulet of magic regeneration
HPRegen 0.19/turn               r - ring of protection from cold
MPRegen 0.57/turn               K - ring of wizardry

@: hasted, drained, very quick
A: antennae 3, slimy green scales 1, spiny 2
a: Renounce Religion, Evoke Invisibility


You were on level 10 of the Dungeon.
You worshipped Vehumet.
Vehumet was most pleased with you.
You visited 2 branches of the dungeon, and saw 11 of its levels.
You also visited: Sewer.

You collected 385 gold pieces.

Inventory:

Hand Weapons
 x - the +5 whip of a Labyrinth (weapon) {vamp, *Slow Str+2 Int+5}
   (You found it on level 2 of the Dungeon)

   It occasionally heals its wielder for a portion of the damage dealt when it
   wounds a living foe.
   Str:       It affects your strength (+2).
   Int:       It affects your intelligence (+5).
   *Slow:     It may slow you when you take damage.
 B - a +1 dagger of draining
 L - a +0 shortbow
Missiles
 g - 6 datura-tipped darts
 q - 28 poisoned darts
 y - a curare-tipped dart
Armour
 a - a +0 robe (worn)
 j - a +0 ring mail
 o - a +2 pair of gloves of stealth (worn)
 D - a +0 plate armour
 H - a +0 pair of boots (worn)
 I - a scarf of invisibility (worn)
 S - a +0 troll leather armour
 T - a +0 chain mail of willpower
Jewellery
 n - an amulet of magic regeneration (around neck)
 r - a ring of protection from cold (left hand)
 E - an amulet of the acrobat
 J - a ring of ice
 K - a ring of wizardry (right hand)
 N - a ring of protection from cold
 O - an amulet of faith
Wands
 z - a wand of flame (5)
 F - a wand of paralysis (6)
 P - a wand of digging (3)
Scrolls
 c - 5 scrolls of vulnerability {unknown}
 f - 5 scrolls of teleportation {unknown}
 i - 3 scrolls of blinking {unknown}
 k - a scroll of noise {unknown}
 p - 2 scrolls of magic mapping {unknown}
 t - a scroll of amnesia {unknown}
 u - 2 scrolls of identify
 v - 3 scrolls of enchant weapon {unknown}
 w - a scroll of fear {unknown}
 C - 2 scrolls of poison {unknown}
 Q - a scroll of butterflies {unknown}
 R - 2 scrolls of enchant armour {unknown}
Potions
 b - 2 potions of magic
 d - 3 potions of brilliance
 e - 3 potions of lignification
 h - 2 potions of berserk rage
 l - 2 potions of mutation
 m - a potion of curing
 s - a potion of haste
 A - a potion of resistance
 G - a potion of flight
 M - 2 potions of might
 U - a potion of invisibility {unknown}


   Skills:
 + Level 7.0 Dodging
 + Level 7.7 Stealth
 + Level 7.2 Spellcasting
 + Level 7.6 Conjurations
 + Level 7.5 Fire Magic


You had 16 spell levels left.
You knew the following spells:

 Your Spells              Type           Power      Damage    Failure   Level
a - Foxfire               Conj/Fire      100%       2x1d9     1%          1
b - Scorch                Fire           92%        2d9       1%          2
c - Flame Wave            Conj/Fire      46%        2d12      1%          4

Your spell library contained the following spells:

 Spells                   Type           Power      Damage    Failure   Level
 Mephitic Cloud           Conj/Pois/Air  21%        N/A       1%          3
 Shock                    Conj/Air       100%       1d9       1%          1
 Poisonous Vapours        Pois/Air       18%        N/A       1%          2
 Static Discharge         Conj/Air       28%        3-7/arc   1%          2
 Conjure Flame            Conj/Fire      46%        6-21      1%          3
 Inner Flame              Hex/Fire       27%        N/A       1%          3
 Sting                    Tmut/Pois      36%        1d4       2%          1
 Ensorcelled Hibernation  Hex/Ice        18%        N/A       4%          2
 Lightning Bolt           Conj/Air       14%        1d27      4%          5
 Airstrike                Air            4%         2d(1-17)  8%          4
 Olgreb's Toxic Radiance  Pois           9%         N/A       8%          4
 Call Canine Familiar     Summ           9%         N/A       9%          3
 Portal Projectile        Hex/Tloc       18%        N/A       9%          3
 Spider Form              Tmut/Pois      9%         N/A       9%          3
 Swiftness                Air            9%         N/A       9%          3
 Anguish                  Hex/Necr       4%         N/A       26%         4
 Leda's Liquefaction      Hex/Erth       4%         N/A       26%         4
 Enfeeble                 Hex            4%         N/A       100%        7
 Maxwell's Capacitive Co  Air            4%         ∞         100%        8


Dungeon Overview and Level Annotations

Branches:
Dungeon (10/15)            Temple (1/1) D:5            Lair (0/5) D:10
  Sewer (visited)
    Orc: D:9-12

Altars:
Ashenzari
Cheibriados
Dithmenos
Fedhas
Gozag
Hepliaklqana
Kikubaaqudgha
Makhleb
Nemelex Xobeh
Qazlal
Ru
Sif Muna
Trog
Uskayaw
Vehumet
Wu Jian
Xom
Yredelemnul
Lugonu

Shops:
D:4 **

Annotations:
D:8 2 transporters
Temple 2 transporters


Innate Abilities, Weirdness & Mutations

You have a pair of large antennae on your head. (SInv)
You are partially covered in slimy green scales. (AC +2)
You are mostly covered in sharp spines.


Message History

Press: ? - help, Q - select action, (/) - cycle Dir - look around, f - activate You conjure some foxfire!
The foxfire hits the electric eel.
The electric eel is moderately wounded.
Your foxfire dissipates!
The foxfire hits the electric eel.
The electric eel is heavily wounded.
The electric eel is engulfed in a cloud of scalding steam.
You kill the electric eel!
Vehumet accepts your kill.
You feel your power returning.
Your foxfire dissipates! x2
Your foxfire dissipates! x2
HP restored.
Things that are here:
a +0 troll leather armour; a troll corpse You enter the shallow water.
Moving in this stuff is going to be slow.
A yak comes into view.
The yak moves out of view.
Found a scale mail.
A centaur warrior comes into view.
The centaur warrior moves out of view.
You see here a +0 scale mail.
A centaur warrior is nearby!
Casting: Foxfire (safe; 1% risk of failure)
Press: ? - help, Q - select action, (/) - cycle Dir - look around, f - activate You conjure some foxfire!
The centaur warrior shouts!
Your foxfire dissipates!
The foxfire hits the centaur warrior!
The centaur warrior is lightly wounded.
The centaur warrior wields a +0 longbow.
The centaur warrior shoots an arrow.
The arrow hits you!!
The centaur warrior shoots an arrow.
The arrow hits you!!
* * * LOW HITPOINT WARNING * * *
You feel drained.
You fail to use your ability.
You feel yourself speed up.
The centaur warrior shoots an arrow.
The arrow hits you!!
You die...

...#########.# #........
.............###
#........
...............#
#....c...
......########.#
#....{... ###...# #.#
#........ #...# #.#
#........ #...# #.# #.#
#...##''####.#######.#
#.............@...c.[#
###....................#
≈.....#####+####.......#
.~..... #.......... ~.~
#........... ≈≈~
#............ ≈~.
#............ ≈~~
#............ ≈≈.
#.........


You could see a centaur warrior.

Vanquished Creatures
  A two-headed ogre (D:9)
  Joseph (D:8)
  3 trolls
  A hornet (D:9)
  Grinder (D:4)
  A wyvern (D:8)
  Duvessa (D:4)
  2 water moccasins (D:7)
  4 orc warriors
  An ice beast (D:8)
  3 black bears
  2 wolves (D:10)
  2 ogres
  4 centaurs
  2 phantoms
  6 kobold brigands
  6 bullfrogs
  3 necrophages
  3 scorpions
  7 wights
  Dowan (D:4)
  6 killer bees (D:8)
  5 electric eels (D:10)
  A howler monkey (D:6)
  4 jellies
  A gnoll bouda (D:7)
  8 hounds
  2 orc priests
  6 iguanas
  6 orc wizards
  2 ogre zombies (D:7)
  10 gnolls
  6 river rats
  9 adders
  A shadow imp (D:6)
  2 white imps
  An ufetubus (D:5)
  5 dart slugs
  29 orcs
  6 endoplasms
  5 giant cockroaches
  6 goblins
  A hobgoblin (D:3)
  7 jackals
  22 kobolds
  2 quokkas
  9 ball pythons
  5 bats
  8 frilled lizards
  10 rats
240 creatures vanquished.

Vanquished Creatures (collateral kills)
  23 foxfires (Sewer)
23 creatures vanquished.

Vanquished Creatures (others)
  666 foxfires
  5 plants (Sewer)
671 creatures vanquished.

Grand Total: 934 creatures vanquished

Notes
Turn   | Place    | Note
-------+----------+-------------------------------------------
     0 | D:1      | bubby the Demonspawn Fire Elementalist began the quest for
                  | the Orb.
     0 | D:1      | Reached XP level 1. HP: 13/13 MP: 3/3
   256 | D:1      | Gained mutation: You have a pair of small antennae on your
                  | head. [demonic ancestry]
   256 | D:1      | Reached XP level 2. HP: 13/19 MP: 1/5
  1392 | D:1      | Reached XP level 3. HP: 24/24 MP: 3/6
  2095 | D:2      | Identified the +5 whip of a Labyrinth {vamp, *Slow Str+2
                  | Int+5}
  2595 | D:3      | Found a broken altar of Ashenzari.
  2910 | D:3      | Gained mutation: You are partially covered in sharp spines.
                  | [demonic ancestry]
  2910 | D:3      | Reached XP level 4. HP: 30/30 MP: 5/7
  3100 | D:4      | Noticed a scorpion
  3168 | D:4      | Reached XP level 5. HP: 6/35 MP: 7/9
  3172 | D:4      | Noticed Duvessa
  3240 | D:4      | Found a glowing drain.
  3299 | D:4      | You fall into a shaft and drop 1 floor!
  3299 | D:5      | Entered Level 5 of the Dungeon
  3546 | D:5      | Found an ornate altar of the Wu Jian Council.
  3596 | D:4      | Noticed Dowan
  3631 | Sewer    | Entered a sewer
  3643 | Sewer    | Learned a level 2 spell: Scorch
  3867 | Sewer    | Gained mutation: You are partially covered in slimy green
                  | scales. (AC +2) [demonic ancestry]
  3867 | Sewer    | Reached XP level 6. HP: 41/41 MP: 8/10
  4595 | D:4      | Gained mutation: You are mostly covered in sharp spines.
                  | [demonic ancestry]
  4595 | D:4      | Reached XP level 7. HP: 21/46 MP: 12/12
  4604 | D:4      | Killed Duvessa
  4607 | D:4      | Killed Dowan
  4927 | D:4      | Noticed Grinder
  4949 | D:4      | Killed Grinder
  5310 | D:4      | Gained mutation: You have a pair of antennae on your head.
                  | [demonic ancestry]
  5310 | D:4      | Reached XP level 8. HP: 52/52 MP: 10/14
  5537 | D:4      | Found Assuapyz's Specific Store.
  5539 | D:4      | Found Man Dea's General Store.
  5951 | D:5      | Reached skill level 5 in Fire Magic
  6110 | D:5      | Found a staircase to the Ecumenical Temple.
  6677 | Temple   | Entered the Ecumenical Temple
  6677 | Temple   | Found a transporter.
  6677 | Temple   | Found a transporter.
  6679 | Temple   | Found a transporter.
  6679 | Temple   | Found a transporter.
  6700 | Temple   | Became a worshipper of Vehumet
  6897 | D:6      | Reached skill level 5 in Stealth
  6937 | D:6      | Reached skill level 5 in Conjurations
  6941 | D:6      | Reached skill level 5 in Spellcasting
  6947 | D:6      | Reached skill level 5 in Dodging
  6952 | D:6      | Gained mutation: You have a pair of large antennae on your
                  | head. (SInv) [demonic ancestry]
  6952 | D:6      | Reached XP level 9. HP: 29/56 MP: 4/16
  7160 | D:6      | Found a shimmering altar of Xom.
  7430 | D:6      | Reached * piety under Vehumet
  7430 | D:6      | Offered knowledge of Freeze by Vehumet.
  7525 | D:6      | Found a bloodstained altar of Trog.
  7541 | D:6      | Found a burning altar of Makhleb.
  7906 | D:6      | Found a blossoming altar of Fedhas.
  8513 | D:7      | Found a transporter.
  8639 | D:7      | Found a transporter.
  8679 | D:7      | Found a stormy altar of Qazlal.
  8860 | D:7      | Learned a level 4 spell: Flame Wave
  9593 | D:8      | Noticed Joseph
  9608 | D:8      | Killed Joseph
  9631 | D:8      | Reached ** piety under Vehumet
  9750 | D:8      | Found a transporter.
  9750 | D:8      | Noticed a white ugly thing
  9750 | D:8      | Noticed a cyan ugly thing
  9751 | D:8      | Found a corrupted altar of Lugonu.
  9781 | D:8      | Offered knowledge of Magic Dart by Vehumet.
  9783 | D:8      | Reached XP level 10. HP: 49/63 MP: 15/19
 10114 | D:8      | Found a transporter.
 10118 | D:8      | Noticed a brown ugly thing
 10375 | D:9      | Noticed a two-headed ogre
 10380 | D:9      | Killed a two-headed ogre
 10459 | D:9      | Found a sparkling altar of Nemelex Xobeh.
 10497 | D:9      | Offered knowledge of Mephitic Cloud by Vehumet.
 10574 | D:9      | Paralysed by a hornet for 1 turns
 10720 | D:9      | Reached *** piety under Vehumet
 11265 | D:10     | Entered Level 10 of the Dungeon
 11279 | D:10     | Found a staircase to the Lair.
 11449 | D:10     | Noticed a centaur warrior
 11462 | D:10     | Shot with an arrow by a centaur warrior

Illustrated notes

Levels and vault maps discovered:
D:1:      erik_arrival_blinker_ship, layout_basic
D:2:      layout_loops_corners
D:3:      layout_rooms, lemuel_crystal_altar
D:4:      layout_loops_corners, portal_sewer_entry_a, grunt_ministairs_5,
          nicolae_specific_store, hangedman_decor_growths, uniq_duvessa,
          uniq_grinder
D:5:      layout_layer_cave, lemuel_round_altar, minmay_temple_entry_junction_2
D:6:      layout_loops_ring, kennysheep_little_box,
          lemuel_coloured_pillars_altar, mainiacjoe_overflow_24_doors,
          mainiacjoe_overflow_alcove_1, grunt_ministairs_7
D:7:      gammafunk_cloud_chamber, layout_loops_ring,
          nicolae_qazlal_general_emergency
D:8:      gammafunk_corrupted_shrine, layout_basic, uniq_joseph
D:9:      layout_roguey, nemelex_spade_bored_becter
D:10:     layout_irregular_city, mainiacjoe_overflow_chevrons, erik_lair_island
Temple:   hellmonk_temple_divided_pantheon

Skill      XL: |  1  2  3  4  5  6  7  8  9 10 |
---------------+-------------------------------+-----
Fire Magic     | 3 4 5 6 7 |  7.5
Stealth        | 2 3 4 5 6 7 |  7.7
Dodging        | 2 3 4 5 6 7 |  7.0
Conjurations   | 2 3 4 5 6 7 |  7.6
Spellcasting   | 3 4 5 6 7 |  7.2

Action                   |  1- 3 |  4- 6 |  7- 9 | 10-12 || total
-------------------------+-------+-------+-------+-------++-------
Melee: Unarmed           |     7 |       |       |       ||     7
       Dagger            |    32 |       |       |       ||    32
       Punch             |     1 |     1 |       |       ||     2
       Whip              |    17 |    34 |    25 |     1 ||    77
Throw: Stone             |     5 |       |       |       ||     5
 Cast: Foxfire           |    92 |   119 |   170 |    75 ||   456
       Scorch            |       |     4 |    79 |    27 ||   110
       Flame Wave        |       |       |     5 |    10 ||    15
  Use: Potion            |       |     2 |     6 |     1 ||     9
       Scroll            |       |       |     7 |       ||     7
 Stab: Sleeping          |     1 |       |     1 |       ||     2
Armor: Robe              |    13 |     4 |    18 |     4 ||    39
Dodge: Dodged            |    39 |    25 |    52 |    12 ||   128
